 Dungeon Crawl Stone Soup version 0.20-a0-502-g555d78b (webtiles) character file.

46 Kidiri the Magician (level 3, -1/19 HPs)
             Began as a Deep Elf Fire Elementalist on Jan 20, 2017.
             Slain by a goblin (2 damage)
             ... led by Robin
             ... on level 2 of the Dungeon.
             The game lasted 00:04:25 (1311 turns).

Kidiri the Magician (Deep Elf Fire Elementalist)    Turns: 1311, Time: 00:04:26

Health: -1/19      AC:  2    Str: 10    XL:     3   Next: 46%
Magic:  7/11       EV: 13    Int: 20    God:
Gold:   79         SH:  0    Dex: 15    Spells: 2/11 levels left

rFire    . . .     SeeInvis .   e - +0 dagger
rCold    . . .     Gourm    .   a - +0 robe
rNeg     + . .     Faith    .   (no shield)
rPois    .         Spirit   .   (no helmet)
rElec    .         Reflect  .   (no cloak)
rCorr    .         Harm     .   (no gloves)
MR       .....                  (no boots)
Stlth    ++........             (no amulet)
Regen    0.1/turn               (no ring)
                                o - ring of positive energy

@: mighty
A: no striking features
a: no special abilities


You were on level 2 of the Dungeon.
You were hungry.

You visited 1 branch of the dungeon, and saw 2 of its levels.

You collected 79 gold pieces.

Inventory:

Hand Weapons
 e - a +0 dagger (weapon)
Armour
 a - a +0 robe (worn)
 f - a +0 leather armour
Jewellery
 o - a ring of positive energy (left hand)
Potions
 j - a potion of ambrosia
Books
 b - a book of Flames

   Spells                             Type                      Level
   a - Flame Tongue                   Conjuration/Fire             1
   b - Throw Flame                    Conjuration/Fire             2
   c - Conjure Flame                  Conjuration/Fire             3
   d - Inner Flame                    Hexes/Fire                   3
   e - Sticky Flame                   Conjuration/Fire             4
   f - Fireball                       Conjuration/Fire             5
Comestibles
 c - 2 bread rations
 d - 6 chunks of flesh
 g - a meat ration
 m - a beef jerky


   Skills:
 - Level 2.4 Dodging
 - Level 2.4 Stealth
 * Level 4.5 Spellcasting
 + Level 2.1 Conjurations
 + Level 3.5 Fire Magic


You had 2 spell levels left.
You knew the following spells:

 Your Spells              Type           Power        Failure   Level  Hunger
a - Flame Tongue          Conj/Fire      ###..        4%          1    None
b - Throw Flame           Conj/Fire      ###...       10%         2    #......
c - Conjure Flame         Conj/Fire      ###.....     14%         3    ##.....
d - Inner Flame           Hex/Fire       ##......     21%         3    ##.....


Dungeon Overview and Level Annotations

Branches:
Dungeon (2/15)

Altars:

Annotations:
D:2 Robin


Message History

* * * LOW HITPOINT WARNING * * *
The goblin closely misses you.
Unknown command.
Casting: Flame Tongue
Confirm with . or Enter, or press ? or * to list all spells.
Aiming: Flame Tongue
Press: ? - help, Shift-Dir - straight line, f - goblin
Aim: a goblin, wielding a club (unusually strong)
The flame tongue hits the goblin.
The goblin is moderately wounded.
The hobgoblin barely misses you. The goblin hits you but does no damage.
Casting: Flame Tongue
Confirm with . or Enter, or press ? or * to list all spells.
Aiming: Flame Tongue
Press: ? - help, Shift-Dir - straight line, f/p - goblin
Aim: a goblin, wielding a club (moderately wounded, unusually strong)
The flame tongue hits the goblin.
You kill the goblin!
The hobgoblin closely misses you. The goblin hits you.
You die...

≈...#(...........#
≈...#..........).#
≈.)##(##.....##(##
≈..#...#.....#.g.#
≈..#...#.....#...#
≈.(#.).#.....#...#
≈..##'##.....##g##
≈......#.....#.gg#
≈≈.....#.....#gg@#
≈≈≈≈≈≈≈#.....#≈≈≈#
.≈≈≈≈≈≈##+++##≈≈≈#
.####≈≈≈≈ ≈≈≈≈## .
###≈≈. .≈≈### .
##...## . .##


You could see a hobgoblin and 5 goblins.

Vanquished Creatures
  An ooze (D:1)
  2 dart slugs (D:1)
  11 goblins
  6 jackals
  2 kobolds (D:1)
  A quokka (D:2)
  5 ball pythons (D:1)
  3 bats (D:1)
  3 rats (D:1)
34 creatures vanquished.

Notes
Turn   | Place    | Note
-------+----------+-------------------------------------------
     0 | D:1      | Kidiri the Deep Elf Fire Elementalist began the quest for the Orb.
     0 | D:1      | Reached XP level 1. HP: 10/10 MP: 6/6
   149 | D:1      | Reached XP level 2. HP: 14/15 MP: 2/8
   153 | D:1      | Learned a level 2 spell: Throw Flame
   574 | D:1      | Reached skill level 4 in Spellcasting
   955 | D:1      | Reached XP level 3. HP: 15/19 MP: 5/10
  1009 | D:1      | Learned a level 3 spell: Conjure Flame
  1013 | D:1      | Learned a level 3 spell: Inner Flame
  1294 | D:2      | Noticed Robin
  1311 | D:2      | Slain by a goblin

Vault maps used:
D:1:      eino_arrival_water_star, serial_forest, infiniplex_forest_clump_large,
          infiniplex_forest_end_double, infiniplex_forest_split,
          infiniplex_forest_lined_2, infiniplex_forest_clump_double,
          infiniplex_forest_straight_4, infiniplex_forest_lined_4_way,
          infiniplex_forest_straight_1, minmay_shallow_snake_nest
D:2:      kennysheep_goblin_castle, chequers_ecumenical_altar_island

Skill      XL: |  1  2 |
---------------+-------+-----
Conjurations   | 2 |  2.1
Spellcasting   | 4 |  4.5
Dodging        | |  2.4
Stealth        | |  2.4
Fire Magic     | |  3.5

Action                   || total
-------------------------++-------
Melee: Dagger            ||   161
 Cast: Flame Tongue      ||    46
       Throw Flame       ||     3
       Conjure Flame     ||     1
       Inner Flame       ||     1
  Use: Scroll            ||     4
       Potion            ||     4
 Stab: Sleeping          ||     3
  Eat: Chunk             ||     1
Armor: Robe              ||     8
       Skin              ||     3
Dodge: Dodged            ||    49
